 Dungeon Crawl Stone Soup version 0.30.0-17-ge0270778cf (webtiles) character file.

Game seed: 14653426362970730220

49 fleet the Ruffian (level 3, 0/33 HPs)
             Began as a Naga Transmuter on May 21, 2023.
             Slain by a hobgoblin (1 damage)
             ... on level 2 of the Dungeon.
             The game lasted 00:03:45 (1399 turns).

fleet the Ruffian (Naga Transmuter)                 Turns: 1399, Time: 00:03:45

Health: 0/33       AC:  3    Str: 14    XL:     3   Next: 77%
Magic:  5/6        EV:  9    Int: 13    God:
Gold:   14         SH:  0    Dex: 11    Spells: 5/6 levels left

rFire   . .          .
                       - Unarmed
rCold   . . .        (no shield)
rNeg    . . .        f - +0 leather armour
rPois   +            g - melded +1 hat
rElec   .            (no cloak)
rCorr   .            e - +0 pair of gloves
SInv    +            (no barding)
Will    .....        (no amulet)
Stlth   +            (no ring)
HPRegen 0.25/turn    (no ring)
MPRegen 0.10/turn

%: no passive effects
@: appendages, very slow
A: horns 2, AC +1, large, see invisible, deformed body, poison resistance,
slowness 2, spit poison 1, naga tail 1
a: Spit Poison, End Transformation


You were on level 2 of the Dungeon.
You had temporarily grown beastly horns.
You visited 1 branch of the dungeon, and saw 2 of its levels.

You collected 14 gold pieces.

Inventory:

Armour
 e - a +0 pair of gloves (worn)
 f - a +0 leather armour (worn)
 g - a +1 hat (melded)
Scrolls
 c - 2 scrolls of vulnerability {unknown}
 d - a scroll of immolation {unknown}
 h - a scroll of noise {unknown}
Potions
 a - a potion of mutation {unknown}
 b - a potion of lignification
 i - a potion of cancellation {unknown}


   Skills:
 + Level 2.5 Fighting
 - Level 1.5 Dodging
 + Level 3.8 Unarmed Combat
 - Level 2.0 Spellcasting
 - Level 2.0 Transmutations


You had 5 spell levels left.
You knew the following spells:

 Your Spells              Type           Power      Damage    Failure   Level
a - Beastly Appendage     Tmut           12%        N/A       14%         1

Your spell library contained the following spells:

 Spells                   Type           Power      Damage    Failure   Level
 Wereblood                Tmut           6%         N/A       22%         2
 Spider Form              Tmut/Pois      3%         N/A       54%         3
 Ice Form                 Ice/Tmut       3%         N/A       91%         4


Dungeon Overview and Level Annotations

Branches:
Dungeon (2/15)

Altars:

Annotations:
D:2 Robin


Innate Abilities, Weirdness & Mutations

You have temporarily grown beastly horns.
Your serpentine skin is tough. (AC +1)
You have supernaturally acute eyesight. (SInv)
Armour fits poorly on your strangely shaped body.
Your system is resistant to poisons. (rPois)
You cover ground very slowly.
You can spit poison.
You have a snake-like lower body.


Message History

You kill the goblin!
You have got your breath back.
The goblin hits you but does no damage.
You hit the goblin.
You kill the goblin!
Aiming: Spit Poison (2% risk of failure)
Press: ? - help, Shift-Dir - straight line, f - hobgoblin
Aim: a hobgoblin (strong, 59% to hit)
The splash of poison hits the goblin!
You kill the goblin!
The goblin no longer looks unusually strong.
The hobgoblin no longer looks unusually strong.
You hit the quokka.
You kill the quokka!
Your horns disappear.
Your +1 hat unmelds from your body.
Robin throws the goblin at you!
Your magical contamination has completely faded away.
You hit the hobgoblin but do no damage. You hit the hobgoblin.
The hobgoblin is almost dead.
You have got your breath back.
The goblin hits you with a +0 club. The hobgoblin hits you.
* * * LOW HITPOINT WARNING * * *
Casting: Beastly Appendage (safe; 14% risk of failure)
Confirm with . or Enter, or press ? or * to list all spells.
You grow a pair of large bovine horns.
Your +1 hat melds into your body.
The hobgoblin barely misses you. The goblin hits you but does no damage.
Robin roars a battlecry!
The goblins go into a battle-frenzy!
You barely miss the hobgoblin. You headbutt the hobgoblin.
You kill the hobgoblin!
The goblin barely misses you.
You barely miss the goblin. Your headbutt misses the goblin.
The hobgoblin hits you but does no damage.
The goblin hits you with a +0 club.
* * * LOW HITPOINT WARNING * * *
You hit the goblin. Your headbutt misses the goblin.
The goblin is moderately wounded.
The hobgoblin hits you.
You die...

....(..##
........ ......
#.).g #. ... #.#
#)# #..
#g####.##### #g#
.... ..#
#@#.##.###.#
#g#.#......#
#.#.#.†..#.#
####.#......#<#
#.........###.#
#.............#
#.........#####
#.........#####.#
#...............#


You could see Robin, a hobgoblin (strong) and a goblin (strong).

Vanquished Creatures
  2 dart slugs (D:1)
  3 ball pythons (D:1)
  5 bats (D:1)
  An endoplasm (D:1)
  2 giant cockroaches
  7 goblins (D:2)
  7 hobgoblins
  4 kobolds (D:1)
  2 quokkas
  4 frilled lizards
  3 rats (D:1)
40 creatures vanquished.

Notes
Turn   | Place    | Note
-------+----------+-------------------------------------------
     0 | D:1      | fleet the Naga Transmuter began the quest for the Orb.
     0 | D:1      | Reached XP level 1. HP: 18/18 MP: 3/3
   106 | D:1      | Reached XP level 2. HP: 17/25 MP: 3/5
   598 | D:1      | Reached XP level 3. HP: 24/32 MP: 6/6
  1369 | D:2      | Noticed Robin
  1398 | D:2      | HP: 1/33 [goblin/+0 club[Robin] (5)]
  1399 | D:2      | Slain by a hobgoblin

Illustrated notes

Levels and vault maps discovered:
D:1:      matt_arrival_spirals, layout_basic
D:2:      layout_basic, serial_shops, shop, chequers_avenue, serial_park_tiny_1,
          minmay_heptomino_h4, uniq_robin

Skill      XL: |  1  2 |
---------------+-------+-----
Fighting       | 2 |  2.5
Dodging        | |  1.5
Unarmed Combat | |  3.8
Spellcasting   | |  2.0
Transmutations | |  2.0

Action                     || total
---------------------------++-------
  Melee: Unarmed           ||   109
         Headbutt          ||    11
         Punch             ||     2
   Cast: Beastly Appendage ||    16
Ability: Spit Poison       ||     5
   Stab: Sleeping          ||     1
 Armour: Robe              ||    14
         Leather armour    ||    15
  Dodge: Dodged            ||    65
